 Dungeon Sprint DCSS version 0.14-a0-3445-g2afddda (webtiles) character file.

373 BluebellGnoll the Eclecticist (level 6, 13/32 HPs)
             Began as a Deep Elf Necromancer on Mar 23, 2014.
             Was a High Priest of Sif Muna.
             Quit the game in the Dungeon (Sprint IX: "|||||||||||||||||||||||||||||").
             The game lasted 00:05:01 (573 turns).

BluebellGnoll the Eclecticist (Deep Elf Necromancer) Turns: 573, Time: 00:05:01

HP  13/32        AC  6     Str  5      XL: 6   Next: 43%
MP  28/31        EV 15     Int 22      God: Sif Muna [*****.]
Gold 0           SH  0     Dex 15      Spells:  3 memorised, 33 levels left

rFire  . . .     SeeInvis .     s - +2 cutlass (drain)
rCold  . . .     Clarity  .     a - +0 robe
rNeg   . . .     Conserve .     (no shield)
rPois  .         rCorr    .     r - +0 helmet
rElec  .         rRot     .     q - +0 cloak
SustAb . .       Spirit   .     (no gloves)
rMut   .         Warding  .     (no boots)
Saprov . . .     NoTele   +     (no amulet)
MR     .....                    p - +2 ring of protection
                                o - +2 ring of evasion

@: not resistant to hostile enchantments, fairly stealthy
A: no striking features
a: Channel Energy, Forget Spell, Renounce Religion


You were in the Dungeon.
You worshipped Sif Muna.
Sif Muna was extremely pleased with you.
You were not hungry.

You visited 1 branch

Inventory:

Hand weapons
 j - a +0,+0 short sword
 s - a +2,+2 cutlass of draining (weapon)
 t - a +2,+2 halberd of venom
Missiles
 k - 4 darts (quivered)
Armour
 a - a +0 robe (worn)
 q - a +0 cloak (worn)
 r - a +0 helmet (worn)
Magical devices
 n - a wand of draining (0)
Comestibles
 c - a bread ration
Scrolls
 i - 2 scrolls of blinking
 l - 3 scrolls of remove curse
 m - 2 scrolls of amnesia
Jewellery
 o - a +2 ring of evasion (left hand)
 p - a +2 ring of protection (right hand)
Potions
 d - 5 potions of curing
 e - 2 potions of heal wounds
 f - a potion of haste
 g - 4 potions of magic
 h - a potion of invisibility
Books
 b - a book of Necromancy

   Spells                             Type                      Level
   *Pain                              Necromancy                   1
   *Animate Skeleton                  Necromancy                   1
   Lethal Infusion                    Charms/Necromancy            2
   *Vampiric Draining                 Necromancy                   3
   Regeneration                       Charms/Necromancy            3
   Animate Dead                       Necromancy                   4
   Control Undead                     Necromancy                   4


   Skills:
 - Level 2.4 Dodging
 - Level 2.4 Stealth
 + Level 16.8 Spellcasting
 - Level 4.8 Necromancy


You had 33 spell levels left.
You knew the following spells:

 Your Spells              Type           Power        Failure   Level  Hunger
a - Pain                  Necr           ####         1%          1    None
b - Animate Skeleton      Necr           N/A          1%          1    None
c - Vampiric Draining     Necr           #####.....   1%          3    None


Dungeon Overview and Level Annotations

Branches:
Dungeon (1/1)

Altars:
Ashenzari
Cheibriados
Dithmenos
Elyvilon
Fedhas
Kikubaaqudgha
Makhleb
Nemelex Xobeh
Okawaru
Sif Muna
Trog
Vehumet
Xom
Yredelemnul
Zin
The Shining One


Message History

Memorise Vampiric Draining, consuming 3 spell levels and leaving 33?
You start memorising the spell.
You continue memorising.
You continue memorising. x2
You finish memorising.
Casting: Animate Skeleton
Confirm with . or Enter, or press ? or * to list all spells.
You can't see any susceptible monsters within range! (Use Z to cast anyway.) Unknown command.
Evoke which item? (* to show all) (? for menu, Esc to quit)
Okay, then.
The gargoyle hits you with a mace!
Ouch! That really hurt!
There is an open door to the Dungeon, spattered with blood here.
Casting: Animate Skeleton
Confirm with . or Enter, or press ? or * to list all spells.
Aiming: Vampiric Draining
Press: ? - help, Shift-Dir - straight line, f/p - gargoyle
Aim: a gargoyle, wielding a mace Draining that being is not a good idea.
Are you sure you want to abandon this character and quit the game? (Confirm with "yes".) ▓▓▓▓▓▓▓▓▓▓▓▓▓▓▓▓▓▓▓▓▓▓▓▓▓▓ 9___'9....'....9@......(<▓ ▓▓▓▓▓▓▓▓▓▓▓▓▓▓▓▓▓▓▓▓▓▓▓▓▓▓

You could see a gargoyle.

Vanquished Creatures
  A two-headed ogre (D)
  A yak (D)
  A black bear (D)
  A shadow imp (D)
  4 bats (D)
  3 kobolds (D)
  A quokka (D)
  A hobgoblin (D)
  A rat (D)
14 creatures vanquished.

Vanquished Creatures (collateral kills)
  A bat (D)
1 creature vanquished.

Vanquished Creatures (others)
  A bat skeleton (D)
  A kobold skeleton (D)
  A quokka skeleton (D)
3 creatures vanquished.

Grand Total: 18 creatures vanquished

Notes
Turn   | Place    | Note
--------------------------------------------------------------
     0 | D        | BluebellGnoll, the Deep Elf Necromancer, began the quest for the Orb.
     0 | D        | Reached XP level 1. HP: 10/10 MP: 5/5
     2 | D        | Learned a level 1 spell: Animate Skeleton
    24 | D        | Reached skill level 5 in Spellcasting
   333 | D        | Reached skill level 7 in Spellcasting
   333 | D        | Reached XP level 2. HP: 15/15 MP: 9/14
   353 | D        | Found a snail-covered altar of Cheibriados.
   353 | D        | Found a radiant altar of Vehumet.
   353 | D        | Found a shimmering altar of Xom.
   353 | D        | Found a shadowy altar of Dithmenos.
   353 | D        | Found a glowing silver altar of Zin.
   353 | D        | Found a blossoming altar of Fedhas.
   353 | D        | Found a white marble altar of Elyvilon.
   354 | D        | Found a radiant altar of Vehumet.
   355 | D        | Found a bloodstained altar of Trog.
   356 | D        | Found a deep blue altar of Sif Muna.
   357 | D        | Found an iron altar of Okawaru.
   358 | D        | Found a shattered altar of Ashenzari.
   359 | D        | Found a glowing golden altar of the Shining One.
   360 | D        | Found a sparkling altar of Nemelex Xobeh.
   361 | D        | Found a snail-covered altar of Cheibriados.
   362 | D        | Found a basalt altar of Yredelemnul.
   363 | D        | Found a burning altar of Makhleb.
   364 | D        | Found an ancient bone altar of Kikubaaqudgha.
   365 | D        | Became a worshipper of Sif Muna the Loreminder
   512 | D        | Noticed a yak
   512 | D        | Noticed a gargoyle
   512 | D        | Noticed a black bear
   512 | D        | Noticed a two-headed ogre
   519 | D        | Killed a two-headed ogre
   519 | D        | Acquired Sif Muna's first power
   519 | D        | Acquired Sif Muna's second power
   519 | D        | Reached skill level 13 in Spellcasting
   519 | D        | Reached XP level 3. HP: 19/19 MP: 14/23
   519 | D        | Reached XP level 4. HP: 24/24 MP: 15/25
   519 | D        | Reached XP level 5. HP: 28/28 MP: 16/27
   519 | D        | Killed a black bear
   519 | D        | Reached skill level 15 in Spellcasting
   537 | D        | Killed a yak
   537 | D        | Acquired Sif Muna's third power
   537 | D        | Reached skill level 16 in Spellcasting
   537 | D        | Reached XP level 6. HP: 32/32 MP: 20/31
   572 | D        | Learned a level 3 spell: Vampiric Draining
   573 | D        | Quit the game

Action                   |  1- 3 |  4- 6 || total
-------------------------+-------+-------++-------
Melee: Unarmed           |    11 |       ||    11
       Short sword       |     9 |       ||     9
       Halberd           |     1 |       ||     1
 Cast: Pain              |     6 |       ||     6
       Animate Skeleton  |     3 |       ||     3
Evoke: Wand              |     2 |     5 ||     7
  Use: Potion            |     1 |     1 ||     2
 Stab: Sleeping          |     1 |       ||     1
